 Dungeon Crawl Stone Soup version 0.30-a0-715-gdb4ae3ece1 (webtiles) character file.

Game seed: 15591493698830034029

80 OTABOTABOTAB the Skirmisher (level 4, -2/38 HPs)
             Began as a Gnoll Hunter on Jan 23, 2023.
             Succumbed to a scorpion's poison
             ... on level 3 of the Dungeon.
             The game lasted 00:01:59 (2033 turns).

OTABOTABOTAB the Skirmisher (Gnoll Hunter)          Turns: 2033, Time: 00:01:59

Health: -2/38      AC:  4    Str: 11    XL:     4   Next: 39%
Magic:  5/5        EV: 13    Int:  8    God:
Gold:   143        SH:  0    Dex: 17    Spells: 5/5 levels left

rFire   . . .      SeeInvis +    a - +0 shortbow
rCold   . . .      Faith    .    (shield currently unavailable)
rNeg    . . .      Spirit   .    c - +0 leather armour
rPois   .          Reflect  .    (no helmet)
rElec   .          Harm     .    f - +0 cloak
rCorr   .          Rampage  .    (no gloves)
Will    .....                    (no boots)
Stlth   ++                       (no amulet)
HPRegen 0.26/turn                d - ring of flight {+Fly, !d}
MPRegen 0.09/turn                V - ring of see invisible {sInv, !d}

@: lethally poisoned (-2 -> -26), flying
A: fangs 1, strong nose, distributed training
a: no special abilities


You were on level 3 of the Dungeon.
You visited 1 branch of the dungeon, and saw 3 of its levels.

You collected 143 gold pieces.

Inventory:

Hand Weapons
 a - a +0 shortbow (weapon)
Armour
 c - a +0 leather armour (worn)
 f - a +0 cloak (worn)
   (You found it on level 1 of the Dungeon)
Magical Staves
 g - a staff of cold {rC+}
   (You found it on level 3 of the Dungeon)
Jewellery
 d - a ring of flight (left hand) {+Fly, !d}
   (You found it on level 2 of the Dungeon)
 V - a ring of see invisible (right hand) {sInv, !d}
   (You found it on level 3 of the Dungeon)
Scrolls
 b - a scroll of identify {@r1}
 e - 2 scrolls of enchant armour {unknown}
 K - a scroll of immolation {!r}
 Y - a scroll of teleportation {@r3}
Potions
 h - a potion of curing {unknown}
 i - a potion of degeneration {unknown}
 U - a potion of mutation {!q}


   Skills:
 + Level 4.6 Fighting
 + Level 1.2 Short Blades
 + Level 1.2 Long Blades
 + Level 1.2 Axes
 + Level 1.2 Maces & Flails
 + Level 1.2 Polearms
 + Level 1.2 Staves
 + Level 8.6 Ranged Weapons
 + Level 1.2 Throwing
 + Level 1.2 Armour
 + Level 4.6 Dodging
 + Level 2.6 Stealth
 + Level 1.2 Shields
 + Level 1.2 Unarmed Combat
 + Level 1.2 Spellcasting
 + Level 1.0 Conjurations
 + Level 1.0 Hexes
 + Level 1.0 Summonings
 + Level 1.0 Necromancy
 + Level 1.0 Translocations
 + Level 1.0 Transmutations
 + Level 1.0 Fire Magic
 + Level 1.0 Ice Magic
 + Level 1.0 Air Magic
 + Level 1.0 Earth Magic
 + Level 1.0 Poison Magic
 + Level 1.3 Invocations
 + Level 1.2 Evocations


You had 5 spell levels left.
You didn't know any spells.
Your spell library was empty.

Dungeon Overview and Level Annotations

Branches:
Dungeon (3/15)

Altars:
Sif Muna


Innate Abilities, Weirdness & Mutations

You have very sharp teeth.
Your uncanny sense of smell can sniff out nearby items.
Your experience applies equally to all skills.


Message History

You shoot an arrow.
The arrow hits the goblin but does no damage.
A goblin is nearby!
You shoot an arrow. The arrow hits the goblin.
You kill the goblin!
Your Conjurations skill increases to level 1!
Your Hexes skill increases to level 1!
Your Summonings skill increases to level 1!
Your Necromancy skill increases to level 1!
Your Translocations skill increases to level 1!
Your Transmutations skill increases to level 1!
Your Fire Magic skill increases to level 1!
Your Ice Magic skill increases to level 1!
Your Air Magic skill increases to level 1!
Your Earth Magic skill increases to level 1!
Your Poison Magic skill increases to level 1!
No target in view!
No target in view!
Things that are here:
a +0 club; a goblin corpse A frilled lizard comes into view.
You shoot an arrow.
The arrow barely misses the frilled lizard.
The frilled lizard hisses angrily.
You shoot an arrow. The arrow hits the frilled lizard.
You kill the frilled lizard!
No target in view!
No target in view!
Found a stone staircase leading up.
There is a stone staircase leading up here.
You see here a +0 leather armour.
Things that are here:
a +0 club; a kobold corpse
There is an escape hatch in the ceiling here.
A frilled lizard comes into view.
You shoot an arrow.
The arrow hits the frilled lizard but does no damage.
The frilled lizard hisses angrily.
You shoot an arrow. The arrow hits the frilled lizard.
You kill the frilled lizard!
No target in view!
A scorpion comes into view.
You shoot an arrow. The arrow hits the scorpion!
You shoot an arrow.
The arrow hits the scorpion but does no damage.
The scorpion barely misses you.
You shoot an arrow. The arrow hits the scorpion.
The scorpion completely misses you.
You shoot an arrow. The arrow hits the scorpion.
The scorpion completely misses you.
You shoot an arrow.
The arrow hits the scorpion but does no damage.
The scorpion stings you. The scorpion misses you.
You take 3 damage, and have 35/38 hp.
You shoot an arrow. The arrow closely misses the scorpion.
The scorpion stings you.
You take 2 damage, and have 33/38 hp.
You shoot an arrow. The arrow barely misses the scorpion.
The scorpion barely misses you. The scorpion stings you.
You take 3 damage, and have 30/38 hp.
You shoot an arrow. The arrow hits the scorpion.
The scorpion stings you.
You are poisoned.
The scorpion poisons you!
You take 2 damage, and have 28/38 hp.
Fire: a) +0 shortbow
Aim: a scorpion (almost dead, 66% to hit)
You shoot an arrow. The arrow hits the scorpion.
You feel very sick. The scorpion misses you. x2
You take 3 damage, and have 25/38 hp.
Fire: a) +0 shortbow
Aim: a scorpion (almost dead, 66% to hit)
You shoot an arrow. The arrow hits the scorpion.
You feel sick. The scorpion closely misses you.
You take 2 damage, and have 23/38 hp.
Fire: a) +0 shortbow
Aim: a scorpion (almost dead, 66% to hit)
You shoot an arrow. The arrow closely misses the scorpion.
You feel sick. The scorpion stings you.
You are lethally poisoned!
The scorpion poisons you!
You take 6 damage, and have 17/38 hp.
Fire: a) +0 shortbow
Aim: a scorpion (almost dead, 66% to hit)
You shoot an arrow.
The arrow hits the scorpion but does no damage.
You feel very sick. The scorpion stings you.
* * * LOW HITPOINT WARNING * * *
The scorpion stings you.
* * * LOW HITPOINT WARNING * * *
You are more poisoned.
The scorpion poisons you!
You take 13 damage, and have 4/38 hp.
MASSIVE DAMAGE!!
Fire: a) +0 shortbow
Aim: a scorpion (almost dead, 66% to hit)
You shoot an arrow. The arrow hits the scorpion!
You kill the scorpion!
You die...

∆
##...####...†......###
.....# ########......
##..## #.####.
###..### #.# #. ...
..# #.# #. #..#.# #.#
#. #.)#.####### #.# ##
#..†.......# #.#
##..@#####.# #.# ###.#
#.# #.# ..# #.# #.#
##.# #.####.#
#.#####...##.#####
#.................
#######...########
#####


There were no monsters in sight!

Vanquished Creatures
  A scorpion (D:3)
  3 adders (D:2)
  A worm (D:2)
  A dart slug (D:3)
  2 ball pythons
  5 endoplasms
  2 giant cockroaches (D:1)
  8 goblins
  4 hobgoblins
  4 jackals (D:3)
  A quokka (D:2)
  3 bats (D:1)
  4 frilled lizards
  2 kobolds
  4 rats
45 creatures vanquished.

Notes
Turn   | Place    | Note
-------+----------+-------------------------------------------
     0 | D:1      | OTABOTABOTAB the Gnoll Hunter began the quest for the Orb.
     0 | D:1      | Reached XP level 1. HP: 20/20 MP: 1/1
   109 | D:1      | Reached XP level 2. HP: 26/26 MP: 2/2
   736 | D:2      | Reached XP level 3. HP: 25/31 MP: 3/3
   881 | D:2      | Reached skill level 1 in Invocations
   936 | D:2      | Reached skill level 1 in Short Blades
   936 | D:2      | Reached skill level 1 in Long Blades
   936 | D:2      | Reached skill level 1 in Axes
   936 | D:2      | Reached skill level 1 in Maces & Flails
   936 | D:2      | Reached skill level 1 in Polearms
   936 | D:2      | Reached skill level 1 in Staves
   936 | D:2      | Reached skill level 1 in Throwing
   936 | D:2      | Reached skill level 1 in Armour
   936 | D:2      | Reached skill level 1 in Shields
   936 | D:2      | Reached skill level 1 in Unarmed Combat
   936 | D:2      | Reached skill level 1 in Spellcasting
   936 | D:2      | Reached skill level 1 in Evocations
  1036 | D:2      | Reached XP level 4. HP: 38/38 MP: 5/5
  1494 | D:3      | Found a faded altar of an unknown god.
  1772 | D:3      | Found a shimmering blue altar of Sif Muna.
  1884 | D:3      | Reached skill level 1 in Conjurations
  1884 | D:3      | Reached skill level 1 in Hexes
  1884 | D:3      | Reached skill level 1 in Summonings
  1884 | D:3      | Reached skill level 1 in Necromancy
  1884 | D:3      | Reached skill level 1 in Translocations
  1884 | D:3      | Reached skill level 1 in Transmutations
  1884 | D:3      | Reached skill level 1 in Fire Magic
  1884 | D:3      | Reached skill level 1 in Ice Magic
  1884 | D:3      | Reached skill level 1 in Air Magic
  1884 | D:3      | Reached skill level 1 in Earth Magic
  1884 | D:3      | Reached skill level 1 in Poison Magic
  2020 | D:3      | Noticed a scorpion
  2032 | D:3      | HP: 7/38 [scorpion (5)]
  2033 | D:3      | Killed a scorpion
  2033 | D:3      | Succumbed to a scorpion's poison

Illustrated notes

Levels and vault maps discovered:
D:1:      lemuel_arrival_cross, layout_basic, fountainhead, minmay_hexomino_f4
D:2:      layout_loops_ring, serial_rivers, chequers_serial_rivers_large_b,
          chequers_serial_rivers_small_b, chequers_serial_rivers_micro_d,
          chequers_serial_rivers_small_a, chequers_serial_rivers_micro_a,
          chequers_serial_rivers_marsh
D:3:      layout_loops_ring, lemuel_blue_sif_altar,
          ebering_ecumenical_altar_mist

Skill      XL: |  1  2  3  4 |
---------------+-------------+-----
Invocations    | 1 |  1.3
Short Blades   | 1 |  1.2
Long Blades    | 1 |  1.2
Axes           | 1 |  1.2
Maces & Flails | 1 |  1.2
Polearms       | 1 |  1.2
Staves         | 1 |  1.2
Throwing       | 1 |  1.2
Armour         | 1 |  1.2
Shields        | 1 |  1.2
Unarmed Combat | 1 |  1.2
Spellcasting   | 1 |  1.2
Evocations     | 1 |  1.2
Conjurations   | 1 |  1.0
Hexes          | 1 |  1.0
Summonings     | 1 |  1.0
Necromancy     | 1 |  1.0
Translocations | 1 |  1.0
Transmutations | 1 |  1.0
Fire Magic     | 1 |  1.0
Ice Magic      | 1 |  1.0
Air Magic      | 1 |  1.0
Earth Magic    | 1 |  1.0
Poison Magic   | 1 |  1.0
Fighting       | |  4.6
Ranged Weapons | |  8.6
Dodging        | |  4.6
Stealth        | |  2.6

Action                     |  1- 3 |  4- 6 || total
---------------------------+-------+-------++-------
   Fire: Shortbow          |    62 |    47 ||   109
    Use: Scroll            |     5 |     1 ||     6
 Armour: Leather armour    |     1 |       ||     1
  Dodge: Dodged            |    11 |    11 ||    22

Table legend: (Time is in decaauts)
 A = Elapsed time spent in this place.
 B = Non-inter-level travel time spent in this place.
 C = Inter-level travel time spent in this place.
 D = Time resting spent in this place.
 E = Time spent auto-exploring this place.
 F = Levels seen in this place.
 G = Mean time per level.
                   A        B        C        D        E       F      G
               +--------+--------+--------+--------+--------+-----+--------+
         Total |   2045 |   2025 |     20 |      0 |   1819 |   3 |  681.7 |
       Dungeon |   2045 |   2025 |     20 |      0 |   1819 |   3 |  681.7 |
               +--------+--------+--------+--------+--------+-----+--------+

Top non-repeatable levels by time:
     D:2: 793 daAuts
     D:1: 706 daAuts
     D:3: 545 daAuts

Table legend:
 A = Kills in this place as a percentage of kills in entire the game.
 B = Kills by you in this place as a percentage of kills by you in the entire game.
 C = Kills by friends in this place as a percentage of kills by friends in the entire game.
 D = Other kills in this place as a percentage of other kills in the entire game.
 E = Experience gained in this place as a percentage of experience gained in the entire game.
 F = Experience gained in this place divided by the number of levels of this place that you have seen.
                   A       B       C       D       E      F
               +-------+-------+-------+-------+-------+----------------------
         Total | 100.0 | 100.0 |   N/A |   N/A | 100.0 |  67.7
       Dungeon | 100.0 | 100.0 |   N/A |   N/A | 100.0 |  67.7
               +-------+-------+-------+-------+-------+----------------------
